 Dungeon Crawl Stone Soup version 0.28-a0-1312-g71652a0310 (webtiles) character file.

Game seed: 12296672274535269034

471 gimp the Cudgeller (level 6, -10/51 HPs)
             Began as a Demigod Wanderer on Dec 27, 2021.
             Mangled by an orc warrior (12 damage)
             ... on level 6 of the Dungeon.
             The game lasted 00:08:13 (4488 turns).

gimp the Cudgeller (Demigod Wanderer)               Turns: 4488, Time: 00:08:14

Health: -10/51     AC: 15    Str: 21    XL:     6   Next: 52%
Magic:  17/17      EV:  8    Int: 12    God:
Gold:   841        SH:  0    Dex: 13    Spells: 5/5 levels left

rFire   . . .      SeeInvis .   a - +3 whip (drain)
rCold   . . .      Faith    .   (no shield)
rNeg    . . .      Spirit   .   A - +4 chain mail of the Will of the Gods {MP+9}
rPois   .          Reflect  .   e - +1 helmet
rElec   .          Harm     .   (no cloak)
rCorr   .          Rampage  .   (no gloves)
Will    .....                   (no boots)
Stlth   ..........              y - amulet of the acrobat
HPRegen 0.17/turn               (no ring)
MPRegen 0.15/turn               (no ring)

@: brilliant
A: high mp 1, forlorn, divine attributes, clumsy 1
a: no special abilities


You were on level 6 of the Dungeon.
You visited 1 branch of the dungeon, and saw 6 of its levels.

You collected 1021 gold pieces.
You spent 180 gold pieces at shops.

Inventory:

Hand Weapons
 a - a +3 whip of draining (weapon)
 b - a +4 short sword
 w - a +1 dagger of freezing
Missiles
 c - 2 datura-tipped darts
 d - an atropa-tipped dart (quivered)
 g - a throwing net
 p - 16 poisoned darts
Armour
 e - a +1 helmet (worn)
 A - the +4 chain mail of the Will of the Gods (worn) {MP+9}
   (You bought it in a shop on level 4 of the Dungeon)

   MP:        It affects your magic capacity (+9).
Magical Staves
 v - a staff of earth
Jewellery
 y - an amulet of the acrobat (around neck)
Scrolls
 s - 2 scrolls of teleportation
 t - a scroll of vulnerability
 u - a scroll of blinking
Potions
 h - 3 potions of curing
 k - 4 potions of mutation
 x - a potion of lignification {unknown}
 z - a potion of might {unknown}


   Skills:
 - Level 3.0 Fighting
 * Level 5.0 Maces & Flails
 + Level 3.1 Armour
 - Level 2.6 Dodging
 - Level 3.6 Stealth


You had 5 spell levels left.
You didn't know any spells.
Your spell library contained the following spells:

 Spells                   Type           Power      Damage    Failure   Level
 Ensorcelled Hibernation  Hex/Ice        0%         N/A       99%         2
 Tukima's Dance           Hex            0%         N/A       100%        3
 Enfeeble                 Hex            0%         N/A       100%        7


Dungeon Overview and Level Annotations

Branches:
Dungeon (6/15)
 Temple: D:4-7

Shops:
D:4 [

Annotations:
D:1 Terence
D:5 Grinder


Innate Abilities, Weirdness & Mutations

You have an increased reservoir of magic. (+10% MP)
You shall have no god before yourself.
Your divine heritage dramatically boosts your attributes as you level up.
You are clumsy. (Dex -2)


Message History

An orc wizard comes into view. It is wielding a +0 dagger.
An orc comes into view. It is wielding a +0 club.
The orc wizard shouts!
You hit the orc priest. You drain the orc priest.
The orc priest is moderately wounded.
The black bear barely misses you.
The black bear claws you but does no damage.
The black bear closely misses you.
An orc comes into view. It is wielding a +0 vorpal war axe.
The orc warrior hits you with a +1 vorpal glaive!
The orc priest calls down the wrath of Beogh upon you.
Pain shoots through your body!
You take 17 damage, and have 24/51 hp.
MASSIVE DAMAGE!!
The orc warrior closely misses you. The orc priest misses you.
It was a potion of mutation.
You feel extremely strange.
You feel clumsy.
The black bear bites you but does no damage.
The black bear closely misses you.
The black bear claws you but does no damage.
The orc warrior hits you from afar with a +1 vorpal glaive!
* * * LOW HITPOINT WARNING * * *
x2 The orc priest looks encouraged for a moment.
You take 15 damage, and have 9/51 hp.
MASSIVE DAMAGE!!
It was a potion of curing.
You feel better.
The orc wizard hits you but does no damage.
The black bear closely misses you. The black bear claws you.
* * * LOW HITPOINT WARNING * * *
The black bear barely misses you. The orc warrior barely misses you.
The orc priest invokes the aid of Beogh against you.
Beogh smites you!
* * * LOW HITPOINT WARNING * * *
You take 8 damage, and have 1/51 hp.
It was a potion of brilliance.
You feel clever all of a sudden. The orc wizard completely misses you.
The black bear bites you but does no damage.
The black bear claws you but does no damage.
The black bear barely misses you.
The orc warrior hits you from afar with a +1 vorpal glaive!
You die...

. .. #. ... # #. #... #.
#.## ##... ...# #..## #..#
. .....#.oo# ####.# .. #
#......oo####....####... .
≈.......o@............. #
##......h..........## #
#................########
#................###.....
#.#...................###
#.......#...........##....
#.........................
..(..............######..
......<#........# #...


You could see an orc warrior, a black bear, an orc priest (drained), an orc
wizard and 2 orcs.

Vanquished Creatures
  A black bear (D:4)
  An ice beast (D:6)
  A phantom (D:6)
  A hound (D:4)
  An iguana (D:4)
  6 adders
  A gnoll (D:2)
  An adder skeleton (D:4)
  2 worms (D:3)
  A dart slug (D:1)
  7 orcs
  10 ball pythons
  6 endoplasms
  3 giant cockroaches (D:1)
  6 goblins
  4 hobgoblins
  2 jackals (D:1)
  3 kobolds (D:2)
  4 quokkas
  5 bats
  6 frilled lizards
  7 rats
79 creatures vanquished.

Vanquished Creatures (others)
  10 fungi (D:6)
  6 plants
16 creatures vanquished.

Grand Total: 95 creatures vanquished

Notes
Turn   | Place    | Note
-------+----------+-------------------------------------------
     0 | D:1      | gimp the Demigod Wanderer began the quest for the Orb.
     0 | D:1      | gimp set off with the following items: a +0 dagger, an
                  | atropa-tipped dart, 2 datura-tipped darts, a +0 mace, a +0
                  | helmet, a +0 leather armour
     0 | D:1      | Reached XP level 1. HP: 16/16 MP: 3/3
     0 | D:1      | Upgraded the game from 0.28-a0-1286-g6bde065e89 to
                  | 0.28-a0-1312-g71652a0310
   340 | D:1      | Reached XP level 2. HP: 20/24 MP: 4/4
  1413 | D:2      | Reached XP level 3. HP: 24/30 MP: 5/5
  1582 | D:2      | Reached skill level 2 in Maces & Flails
  1776 | D:2      | Noticed Terence
  2809 | D:3      | Reached skill level 1 in Armour
  2809 | D:3      | Reached XP level 4. HP: 37/38 MP: 6/6
  3270 | D:4      | Found Ujasedgh's Antique Armour Shop.
  3500 | D:4      | Reached skill level 3 in Maces & Flails
  3602 | D:4      | Reached XP level 5. HP: 40/45 MP: 7/7
  4012 | D:4      | Noticed a black bear
  4033 | D:4      | Killed a black bear
  4034 | D:4      | Reached skill level 4 in Maces & Flails
  4056 | D:4      | Bought a jet-encrusted chain mail for 180 gold pieces
  4056 | D:4      | Identified the +4 chain mail of the Will of the Gods {MP+9}
                  | (You bought it in a shop on level 4 of the Dungeon)
  4326 | D:5      | Entered Level 5 of the Dungeon
  4361 | D:5      | Noticed Grinder
  4371 | D:6      | Identified a scroll of acquirement
  4372 | D:6      | Acquired 823 gold pieces
  4401 | D:6      | Noticed an ice beast
  4415 | D:6      | Killed an ice beast
  4416 | D:6      | Reached XP level 6. HP: 51/51 MP: 8/8
  4433 | D:6      | Noticed a two-headed ogre
  4474 | D:6      | Reached skill level 5 in Maces & Flails
  4486 | D:6      | Gained mutation: You are clumsy. (Dex -2) [potion of
                  | mutation]
  4487 | D:6      | HP: 1/51 [orc priest/divine providence (12)]
  4488 | D:6      | Mangled by an orc warrior

Illustrated notes

Levels and vault maps discovered:
D:1:      minmay_arrival_open_corners, layout_basic, basic_ecumenical_altar
D:2:      layout_basic, serial_bayou_pond_b, uniq_crazy_yiuf_cottage,
          uniq_terence
D:3:      layout_rooms, ashenzari_conservatory_becter,
          nicolae_elevator_lobby_plus
D:4:      layout_basic, lemuel_crystal_altar, serial_shops, shop,
          minmay_misc_feat_columns, grunt_decor_cap
D:5:      layout_gridville, kennysheep_little_box, lemuel_crystal_altar,
          minmay_temple_entry_fiery, minmay_manual_mares, uniq_sigmund,
          uniq_grinder
D:6:      layout_rooms, fedhas_altar_3, portal_sewer_entry_b, minivault_1,
          minivault_4

Skill      XL: |  1  2  3  4  5  6 |
---------------+-------------------+-----
Fighting       | 2 3 |  3.0
Maces & Flails | 2 3 4 5 |  5.0
Armour         | 1 2 3 |  3.1
Dodging        | |  2.6
Stealth        | |  3.6

Action                   |  1- 3 |  4- 6 || total
-------------------------+-------+-------++-------
Melee: Mace              |   132 |       ||   132
       Dagger            |    14 |       ||    14
       Whip              |    40 |   148 ||   188
  Use: Scroll            |       |    10 ||    10
       Potion            |       |     3 ||     3
 Stab: Sleeping          |     3 |     1 ||     4
Armor: Ring mail         |    73 |    44 ||   117
       Leather armour    |     3 |       ||     3
       Chain mail        |       |    25 ||    25
Dodge: Dodged            |   120 |    96 ||   216

Table legend: (Time is in decaauts)
 A = Elapsed time spent in this place.
 B = Non-inter-level travel time spent in this place.
 C = Inter-level travel time spent in this place.
 D = Time resting spent in this place.
 E = Time spent auto-exploring this place.
 F = Levels seen in this place.
 G = Mean time per level.
                   A        B        C        D        E       F      G
               +--------+--------+--------+--------+--------+-----+--------+
         Total |   4520 |   4427 |     93 |    339 |   3021 |   6 |  753.3 |
       Dungeon |   4520 |   4427 |     93 |    339 |   3021 |   6 |  753.3 |
               +--------+--------+--------+--------+--------+-----+--------+

Top non-repeatable levels by time:
     D:1: 1676 daAuts
     D:4: 1080 daAuts
     D:2: 900 daAuts
     D:3: 706 daAuts
     D:6: 114 daAuts
     D:5: 41 daAuts
